Map: Cactus Valley LE (Void)

Players

Musumeci - Winner!

  • Race: Zerg Zerg
  • League: Diamond
  • Spawn Location: 5:00

Kiara

  • Race: Terran Terran
  • League: Diamond
  • Spawn Location: 1:00

VOD

Have the link to the VOD?

Description

Time

  • Played on: March 13, 2017, 12:24 p.m.
  • Length: 18:26
Show
View Real Time Build Order
Export as new Build Order

Musumeci Zerg - Winner!

Build Orders: Hatch First 

Get SALT Encoding   

  12  0:04  Drone  
  13  0:12  Drone  
  14  0:17  Drone, Extractor  
  15  0:43  Hatchery  
  15  0:47  Extractor  
  15  0:48  Drone  
  15  1:02  Spawning Pool  
  14  1:07  Drone, Extractor  
  14  1:12  Drone, Extractor  
  16  1:18  Overlord  
  16  1:38  Drone  
  16  1:39  Drone, Extractor  
  17  1:40  Drone  
  18  1:51  Queen  
  20  1:54  Queen  
  22  2:11  Zergling x2  
  22  2:12  Zergling x2  
  24  2:18  Roach Warren  
  23  2:34  Spore Crawler  
  22  2:38  Queen  
  22  2:42  Metabolic Boost  
  23  3:20  Queen  
  23  3:22  Roach x2  
  23  3:25  Extractor  
  23  3:26  Drone  
  28  3:27  Overlord  
  26  3:49  Queen  
  32  3:55  Roach x2  
  32  3:56  Roach  
  32  4:01  Roach  
  36  4:52  Overlord  
  36  4:53  Overlord  
  36  5:07  Hatchery  
  35  5:24  Roach x4  
  35  5:25  Roach x2  
  47  5:29  Ravager x2  
  49  5:45  Roach  
  49  5:46  Overlord  
  49  5:49  Drone  
  52  6:05  Drone  
  52  6:06  Drone x4  
  52  6:08  Drone  
  58  6:14  Drone  
  59  6:26  Drone x3  
  62  6:33  Overlord  
  62  6:35  Drone  
  62  6:36  Drone  
  62  6:39  Drone  
  65  6:43  Ravager  
  66  7:02  Drone  
  66  7:03  Drone x4  
  66  7:04  Roach  
  73  7:13  Ravager  
  74  7:25  Overlord x3  
  74  7:49  Spore Crawler  
  73  7:51  Spore Crawler  
  73  7:53  Spore Crawler  
  73  7:54  Ravager  
  73  7:55  Ravager  
  70  7:59  Roach x5  
  77  8:48  Roach x5  
  77  8:49  Roach  
  87  8:56  Drone  
  87  8:57  Drone x6, Extractor  
  87  8:58  Evolution Chamber x2  
  91  9:37  Lair  
  91  9:41  Zerg Missile Weapons Level 1  
  91  9:55  Overlord x2  
  91  9:56  Overlord x4  
  91  10:00  Zerg Ground Armor Level 1  
  91  10:03  Extractor  
  91  10:06  Overlord x4  
  90  10:10  Overlord x3  
  90  10:11  Overlord  
  90  10:20  Drone x11  
  101  10:21  Drone  
  101  10:22  Drone x2  
  101  10:24  Ravager x2  
  108  10:42  Roach  
  108  10:43  Roach x8  
  124  11:02  Ravager x3  
  127  11:05  Extractor  
  127  11:06  Drone x3, Extractor  
  127  11:07  Drone x3  
  131  11:12  Spine Crawler  
  131  11:13  Spine Crawler  
  129  11:18  Roach  
  129  11:19  Roach x7  
  145  11:53  Spore Crawler  
  144  12:03  Zerg Missile Weapons Level 2, Zerg Ground Armor Level 2  
  144  12:04  Glial Reconstitution  
  145  12:21  Hatchery  
  142  12:40  Ravager x2  
  142  12:41  Ravager x8  
  147  12:53  Ravager  
  140  13:13  Roach x19  
  173  13:27  Drone x2  
  173  13:28  Drone x3  
  147  13:51  Roach x19  
  140  14:13  Roach  
  140  14:14  Roach x9  
  134  14:25  Hatchery  
  134  14:28  Ravager x6  
  139  14:41  Ravager  
  139  14:42  Ravager  
  119  15:03  Roach x6  
  119  15:04  Roach x7  
  115  15:43  Roach x14  
  115  15:44  Roach  
  118  16:06  Roach  
  118  16:07  Roach x9  
  118  16:09  Ravager  
  134  16:14  Ravager  
  134  16:17  Ravager  
  127  16:30  Roach x10  
  147  16:43  Ravager  
  147  16:44  Roach x2, Ravager x2  
  145  17:06  Roach x11  
  147  17:33  Roach x9  
  161  17:46  Roach x4  
  163  17:56  Extractor x2  
  145  18:06  Roach x8  
Show
View Real Time Build Order
Export as new Build Order

Kiara Terran 

Build Orders: MMM Bio 

Get SALT Encoding   

  12  0:00  SCV  
  13  0:13  SCV  
  14  0:25  Supply Depot  
  14  0:26  SCV  
  15  0:47  SCV  
  16  0:51  Refinery  
  16  0:53  Barracks  
  16  1:00  SCV  
  17  1:15  SCV  
  18  1:20  Barracks  
  18  1:24  Barracks  
  18  1:26  Refinery  
  18  1:29  SCV  
  19  1:43  Reaper  
  19  1:46  Supply Depot  
  20  1:50  SCV  
  21  2:02  SCV  
  23  2:15  Reaper  
  23  2:16  Orbital Command  
  23  2:20  Reaper  
  24  2:24  Reaper  
  25  2:47  Reaper  
  25  2:48  SCV  
  27  2:52  Reaper  
  27  2:58  Reaper  
  29  3:02  SCV  
  29  3:04  Factory  
  30  3:24  Reaper  
  31  3:34  Supply Depot  
  31  3:38  Command Center  
  31  3:43  Reaper  
  31  3:55  Factory Tech Lab  
  31  3:57  Starport  
  31  3:58  Barracks Reactor  
  31  4:01  Barracks Tech Lab  
  30  4:14  SCV  
  31  4:17  Siege Tank  
  31  4:19  Marine  
  35  4:25  Supply Depot  
  35  4:26  SCV  
  35  4:28  Supply Depot  
  35  4:53  Orbital Command  
  35  4:56  Bunker, SCV  
  35  4:58  Marine  
  37  5:00  Stimpack  
  37  5:01  Barracks Tech Lab  
  37  5:09  SCV  
  37  5:13  Starport Reactor  
  38  5:15  Siege Tank  
  38  5:16  Marine  
  42  5:22  SCV  
  42  5:23  SCV  
  44  5:32  Combat Shields  
  44  5:33  Marine x2  
  44  5:34  SCV  
  47  5:37  Marauder  
  47  5:40  SCV  
  47  5:42  Marine  
  51  5:47  SCV  
  51  5:48  Refinery  
  52  5:52  SCV, Supply Depot  
  52  5:53  Marine x2  
  57  6:04  Marauder, Marine  
  57  6:06  Medivac  
  57  6:08  SCV  
  57  6:10  SCV  
  57  6:11  Marine  
  63  6:16  Engineering Bay  
  63  6:20  SCV, Marine, Engineering Bay  
  63  6:23  Medivac  
  67  6:26  SCV  
  68  6:37  Medivac  
  70  6:40  SCV, Supply Depot  
  70  6:43  Refinery  
  70  6:44  Supply Depot  
  71  6:56  Marine x2  
  71  6:57  Marauder, Concussive Shells  
  71  6:58  Marauder  
  77  7:01  Medivac  
  79  7:14  Marine x2  
  81  7:21  Marauder, Marine  
  84  7:25  SCV  
  81  7:37  Marine x2  
  81  7:43  Marine  
  86  7:44  Marauder  
  86  7:46  SCV  
  86  7:49  SCV  
  88  7:52  Barracks x2, Terran Infantry Weapons Level 1  
  88  7:55  Marine x2  
  88  7:56  Terran Infantry Armor Level 1  
  90  8:01  Marauder  
  90  8:05  Marine  
  87  8:12  Marine  
  87  8:13  Marine  
  89  8:22  Marine x2  
  77  8:30  Marine x2  
  74  8:41  Marauder x2  
  70  8:43  Siege Tank  
  70  8:46  Barracks Tech Lab  
  70  8:48  Marine  
  73  9:02  Marauder x2, Marine  
  73  9:03  Medivac x2  
  73  9:07  Marine  
  73  9:08  Marauder  
  81  9:12  Barracks Tech Lab  
  78  9:23  Marauder, Marine  
  78  9:24  Marauder  
  83  9:25  Marine  
  83  9:29  Marauder  
  84  9:41  Marine x2  
  84  9:42  Marine  
  84  9:45  Marauder x2  
  91  9:50  Marauder  
  93  9:59  Marine  
  94  10:06  Armory  
  94  10:08  Marine  
  94  10:09  Marauder x3, Medivac, Supply Depot  
  94  10:11  Command Center  
  94  10:12  Marauder  
  105  10:17  Marine  
  106  10:26  Marine  
  107  10:29  Marine  
  107  10:30  Marauder, Marine  
  107  10:33  Marauder, SCV x2  
  107  10:34  Marine  
  116  10:35  Supply Depot  
  116  10:44  Marine  
  116  10:48  Marauder  
  116  10:49  Marauder  
  116  10:51  Marauder  
  118  11:04  Marauder, Marine x2  
  120  11:05  Siege Tank  
  125  11:12  Terran Infantry Armor Level 2  
  125  11:19  Terran Infantry Weapons Level 2  
  125  11:23  Marauder x3  
  125  11:25  Marauder  
  133  11:29  Marine  
  127  11:33  Orbital Command  
  127  11:37  Medivac, Siege Tank  
  127  11:39  Marine  
  133  11:44  Marauder x2, Marine  
  141  12:08  Marauder x2  
  141  12:27  SCV  
  140  12:31  Marauder  
  140  12:37  Marauder x3  
  137  12:54  Marauder  
  134  12:59  Marauder x2  
  134  13:01  Marauder  
  134  13:02  Marine  
  139  13:16  Marauder  
  135  13:20  Marauder x2  
  135  13:22  Marauder  
  137  13:37  Marauder  
  115  13:41  Marauder  
  115  13:42  Marauder  
  115  13:43  Marine  
  115  13:44  Marauder  
  115  13:45  Marine  
  123  13:54  Siege Tank  
  126  13:56  SCV  
  126  13:58  Marauder  
  126  14:01  Marine  
  116  14:03  Marauder x2  
  116  14:05  Marauder  
  116  14:09  Marine  
  100  14:20  Marauder, Marine  
  103  14:24  Marauder x2  
  103  14:26  Marine  
  103  14:27  Marauder  
  110  14:36  Medivac x2  
  114  14:38  Marine  
  114  14:41  Marauder  
  114  14:44  Marine  
  118  14:46  Marauder x2  
  118  14:48  Marauder  
  101  14:56  Marine  
  101  14:57  Orbital Command  
  92  15:02  Marine  
  92  15:03  Marauder  
  92  15:04  Siege Tank  
  94  15:07  Marauder x2  
  94  15:09  Marine  
  94  15:14  Marine  
  83  15:20  Marine  
  71  15:24  Marauder  
  71  15:27  Marauder  
  71  15:28  Marauder, Marine  
  77  15:32  Marine  
  78  15:38  Marine  
  75  15:45  Marauder  
  75  15:46  Marauder  
  75  15:49  Marauder  
  80  15:50  Marauder  
  80  15:52  Marine  
  68  16:00  Marine  
  61  16:07  Marauder  
  61  16:08  Marauder  
  61  16:10  Marauder, Marine  
  61  16:11  Marauder  
  54  16:18  Marine  
  54  16:22  Orbital Command  
  50  16:28  Marauder, Marine  
  50  16:29  Marauder  
  50  16:31  Marauder  
  50  16:32  Marine  
  58  16:34  Siege Tank  
  58  16:36  Marine  
  60  16:46  Marine  
  52  16:50  Marauder x2, Marine  
  52  16:53  Marauder  
  52  16:54  Marine  
  49  17:04  Marine  
  49  17:08  Marine  
  45  17:11  Marauder  
  45  17:12  Marauder  
  45  17:14  Marauder  
  41  17:20  Marine  
  37  17:23  Orbital Command  
  25  17:56  Marauder x2  
  22  18:03  Marine  
  22  18:05  SCV  
Tags
 
Composition
MMM Bio
Matchup
TvZ
Replay Pack
replay pack
Spawn Locations
Close Positions
Add a new tag
Caveats
  • Supply blocks, unpowered buildings, or Contaminate may cause inaccurate times.
  • Supply counts are checked every 10 seconds.